 Dungeon Crawl Stone Soup version 0.17-a0-2133-gde797ed (webtiles) character file.

116 hellewite the Insei (level 5, 0/33 HPs)
             Began as an Octopode Transmuter on Oct 23, 2015.
             Succumbed to miscasting Spider Form's residual poison
             ... on level 4 of the Dungeon.
             The game lasted 00:22:15 (2455 turns).

hellewite the Insei (Octopode Transmuter)           Turns: 2455, Time: 00:22:15

Health: 0/33       AC:  6    Str: 14    XL:     5   Next: 1%
Magic:  8/8        EV: 12    Int: 13    God:
Gold:   89         SH:  0    Dex: 14    Spells: 2 memorised, 4 levels left

rFire  . . .     SeeInvis .     o - +1 mace (protect)
rCold  . . .     Clarity  .     (no shield)
rNeg   . . .     SustAt   .     (helmet restricted)
rPois  .         Gourm    .     (no amulet)
rElec  .         Spirit   .     i - ring of stealth
rCorr  .         Warding  .     (no ring)
rMut   .         Stasis   .     (no ring)
MR     .....                    (no ring)
Stlth  ++........               (no ring)
                                (no ring)
                                (no ring)
                                (no ring)

@: mighty, lethally poisoned (0 -> -25), contaminated, glowing, not resistant to
hostile enchantments, unstealthy
A: almost no armour, amphibious, 8 rings, constrict 8, camouflage 1, dopey 1,
gelatinous body 1
a: no special abilities


You were on level 4 of the Dungeon.
You were hungry.

You visited 1 branch of the dungeon, and saw 4 of its levels.

You collected 89 gold pieces.

Inventory:

Hand Weapons
 o - a +1 mace of protection (weapon)
Missiles
 a - 33 arrows
 e - 13 poisoned needles
Jewellery
 i - a ring of stealth (left tentacle)
 k - an uncursed ring of see invisible {unknown}
Scrolls
 d - a scroll of magic mapping {unknown}
 m - 2 scrolls of identify {unknown}
 n - a scroll of immolation {unknown}
 p - a scroll of remove curse {unknown}
Potions
 g - a potion of might
 j - 2 potions of flight {unknown}
 q - a potion of agility {unknown}
Books
 b - a book of Changes

   Spells                             Type                      Level
   a - Beastly Appendage              Transmutation                1
   b - Sticks to Snakes               Transmutation                2
   c - Spider Form                    Transmutation/Poison         3
   d - Ice Form                       Ice/Transmutation            4
   e - Blade Hands                    Transmutation                5
Comestibles
 c - 2 bread rations
 f - 2 fruits


   Skills:
 - Level 1.0 Fighting
 - Level 2.0 Dodging
 + Level 5.0 Unarmed Combat
 - Level 2.0 Spellcasting
 - Level 3.0 Transmutations


You had 4 spell levels left.
You knew the following spells:

 Your Spells              Type           Power        Failure   Level  Hunger
a - Beastly Appendage     Trmt           #.....       10%         1    ##.....
b - Spider Form           Trmt/Pois      #.........   38%         3    ####...


Dungeon Overview and Level Annotations

Branches:
Dungeon (4/15)
 Temple: D:4-7

Altars:
Nemelex Xobeh


Innate Abilities, Weirdness & Mutations

You cannot wear most types of armour.
You are amphibious.
You can wear up to eight rings at the same time.
You can use your tentacles to constrict eight enemies at once.
Your skin changes colour to match your surroundings (Stealth).
Your rubbery body absorbs attacks (AC +1).
You are dopey. (Int -2)


Message History

You feel very sick.
You are feeling hungry.
* * * LOW HITPOINT WARNING * * *
You feel sick. The orc hits you but does no damage.
Casting: Spider Form
Confirm with . or Enter, or press ? or * to list all spells.
You don't have enough magic to cast that spell.
You feel very mighty all of a sudden.
* * * LOW HITPOINT WARNING * * *
You feel very sick. The orc barely misses you.
You thump the orc!
You kill the orc!
Your Unarmed Combat skill increases to level 5!
You have reached level 5!
You feel agile.
* * * LOW HITPOINT WARNING * * *
You feel sick.
It was a potion of magic.
Magic courses through your body.
You die...

.##
....###
#....####
#.†@.#
#####...#
##... #


There were no monsters in sight!

Vanquished Creatures
  An iguana (D:4)
  3 adders (D:2)
  3 oozes (D:1)
  2 worms (D:2)
  An orc (D:4)
  2 ball pythons
  7 bats
  7 goblins
  3 hobgoblins (D:1)
  5 jackals
  A quokka (D:1)
  3 giant cockroaches
  2 giant newts
  4 kobolds
  7 rats
51 creatures vanquished.

Notes
Turn   | Place    | Note
--------------------------------------------------------------
     0 | D:1      | hellewite the Octopode Transmuter began the quest for the Orb.
     0 | D:1      | Reached XP level 1. HP: 13/13 MP: 3/3
   159 | D:1      | Reached XP level 2. HP: 18/18 MP: 3/5
   247 | D:1      | Found a sparkling altar of Nemelex Xobeh.
   534 | D:1      | Reached XP level 3. HP: 23/23 MP: 4/6
  1553 | D:2      | Reached skill level 4 in Unarmed Combat
  1665 | D:2      | Reached XP level 4. HP: 20/28 MP: 7/7
  2258 | D:2      | Learned a level 3 spell: Spider Form
  2422 | D:2      | You fall through a shaft for 2 floors!
  2447 | D:4      | Gained mutation: You are dopey. (Int -2) [mutagenic glow]
  2454 | D:4      | Reached skill level 5 in Unarmed Combat
  2454 | D:4      | Reached XP level 5. HP: 3/33 MP: 1/8
  2455 | D:4      | Succumbed to miscasting Spider Form's residual poison

Vault maps used:
D:1:      lemuel_arrival_broad_hall, nemelex_deck
D:3:      lemuel_round_altar, led_sif_book
D:4:      first_bread

Action                   |  1- 3 |  4- 6 || total
-------------------------+-------+-------++-------
Melee: Unarmed           |    86 |    18 ||   104
       Mace              |       |    14 ||    14
 Cast: Beastly Appendage |     9 |     4 ||    13
  Use: Potion            |       |     2 ||     2
 Stab: Sleeping          |     2 |     4 ||     6
  Eat: Chunk             |     2 |     2 ||     4
       Fruit             |       |     1 ||     1
